 Dungeon Crawl Stone Soup version 0.30-a0-50-gb2d611f6b1 (webtiles) character file.

Game seed: 6550737711320489503

286 Pooter the Chopper (level 6, -3/84 HPs)
             Began as a Minotaur Berserker on Sept 4, 2022.
             Was a Believer of Trog.
             Slain by a kobold
             ... wielding a +0 dagger
              (4 damage)
             ... on level 4 of the Dungeon.
             The game lasted 00:11:49 (3671 turns).

Pooter the Chopper (Minotaur Berserker)             Turns: 3671, Time: 00:11:50

Health: -3/84      AC:  8    Str: 24    XL:     6   Next: 8%
Magic:  5/5        EV: 10    Int:  4    God:    Trog [**....]
Gold:   207        SH:  0    Dex:  9    Spells: 5/5 levels left

rFire   . . .      SeeInvis .    a - +0 war axe
rCold   . . .      Faith    .    l - orb {mayhem}
rNeg    . . .      Spirit   .    e - +0 scale mail
rPois   .          Reflect  .    u - +0 hat
rElec   .          Harm     .    (no cloak)
rCorr   .          Rampage  .    g - +1 pair of gloves {Stlth+}
Will    .....                    (no boots)
Stlth   ..........               (no amulet)
HPRegen 0.24/turn                (no ring)
MPRegen 0.09/turn                (no ring)

@: berserking (expiring), lethally poisoned (-3 -> -10), slowed
A: horns 2, retaliatory headbutt
a: Renounce Religion, Berserk, Trog's Hand


You were on level 4 of the Dungeon.
You worshipped Trog.
Trog was pleased with you.
You visited 1 branch of the dungeon, and saw 4 of its levels.

You collected 207 gold pieces.

Inventory:

Hand Weapons
 a - a +0 war axe (weapon)
   (You took it off an orc priest on level 3 of the Dungeon)
 b - a +2 mace of holy wrath
   (You found it on level 3 of the Dungeon)
 o - a +1 trident of venom
   (You found it on level 3 of the Dungeon)
Missiles
 s - 8 poisoned darts (quivered)
 Q - 31 stones
Armour
 e - a +0 scale mail (worn)
   (You found it on level 2 of the Dungeon)
 g - a +1 pair of gloves of stealth (worn)
   (You found it on level 1 of the Dungeon)
 l - an orb of mayhem (worn)
   (You found it on level 3 of the Dungeon)
 u - a +0 hat (worn)
   (You found it on level 4 of the Dungeon)
Scrolls
 k - a scroll of summoning
 n - a scroll of brand weapon {unknown}
 p - a scroll of vulnerability {unknown}
 q - a scroll of magic mapping {unknown}
 r - a scroll of poison {unknown}
 t - 4 scrolls of teleportation {@r4}
 v - a scroll of silence {unknown}
Potions
 c - a potion of invisibility {unknown}
 d - a potion of brilliance {unknown}
 f - 3 potions of curing {unknown}
 h - 6 potions of heal wounds {unknown}
 i - a potion of magic {unknown}
 j - 3 potions of haste {unknown}
 m - a potion of berserk rage {unknown}


   Skills:
 + Level 5.1 Fighting
 * Level 6.4 Axes
 - Level 2.4 Armour
 - Level 2.1 Dodging
 + Level 2.3 Stealth


You had 5 spell levels left.
You didn't know any spells.
Your spell library was empty.

Dungeon Overview and Level Annotations

Branches:
Dungeon (4/15)             Temple (0/1) D:4

Altars:
Ashenzari
Cheibriados
Makhleb
Wu Jian


Innate Abilities, Weirdness & Mutations

You have a pair of horns on your head.
You reflexively headbutt those who attack you in melee.


Message History

You have difficulty breathing.
* * * LOW HITPOINT WARNING * * *
You feel as though you will be slow longer.
The kobold hits you but does no damage. x2
The kobold closely misses the kobold brigand.
You barely miss the kobold brigand. You hit the kobold.
You kill the kobold!
Trog accepts your kill.
* * * LOW HITPOINT WARNING * * *
You feel extremely sick.
The kobold hits the kobold brigand but does no damage.
The kobold brigand hits you with a +2 dagger of protection.
* * * LOW HITPOINT WARNING * * *
You miss the kobold brigand.
Your headbutt misses the kobold brigand.
You slash the kobold!
You kill the kobold!
Trog accepts your kill.
The kobold flies into a frenzy!
* * * LOW HITPOINT WARNING * * *
You feel very sick. The kobold barely misses you.
The kobold brigand hits you with a +2 dagger of protection.
* * * LOW HITPOINT WARNING * * *
The kobold hits you with a +0 dagger.
* * * LOW HITPOINT WARNING * * *
You slash the kobold brigand!
* * * LOW HITPOINT WARNING * * *
You feel very sick. The kobold hits you but does no damage.
Trog accepts your kill.
You feel a bit more experienced.
The kobold brigand hits you with a +2 dagger of protection.
* * * LOW HITPOINT WARNING * * *
You hit the kobold brigand.
* * * LOW HITPOINT WARNING * * *
You feel very sick.
The kobold completely misses the kobold brigand.
Trog accepts your kill.
You feel a bit more experienced.
The kobold brigand hits you with a +2 dagger of protection.
* * * LOW HITPOINT WARNING * * *
The kobold misses the kobold brigand.
You slash the kobold brigand!
You kill the kobold brigand!
Trog accepts your kill.
* * * LOW HITPOINT WARNING * * *
You feel sick. The kobold barely misses you.
The kobold hits you with a +0 dagger.
You die...

...)... #.### .).))P ##.#
♣.KK♣♣ ########..# ♣)K.#
#....#...##
♣KK♣♣##....#.###
#.KKPP##.....##
##♣♣.♣.#.<....###
♣KKP##..###..#
#P..♣#.K@#..###
#P...##)).....#
.####P..#).....##
...............#
...........#.##)##
.................#### ..###
......#.#........##.##....#
#......##........##.......#
##....###.................#


You could see a neutral kobold (fast, strong, insane).

Vanquished Creatures
  A kobold brigand (D:4)
  A scorpion (D:4)
  A hound (D:3)
  An orc priest (D:3)
  2 gnolls (D:3)
  2 adders
  3 worms
  4 orcs
  2 bats
  5 endoplasms
  2 giant cockroaches
  9 goblins
  4 hobgoblins
  3 jackals (D:1)
  14 kobolds
  3 quokkas
  8 ball pythons
  A frilled lizard (D:3)
  4 rats
70 creatures vanquished.

Vanquished Creatures (collateral kills)
  An orc priest (D:3)
  A gnoll (D:3)
  An orc (D:3)
  A goblin (D:3)
  6 kobolds (D:4)
10 creatures vanquished.

Vanquished Creatures (others)
  An orc priest (D:3)
  4 kobolds (D:4)
  10 plants (D:4)
15 creatures vanquished.

Grand Total: 95 creatures vanquished

Notes
Turn   | Place    | Note
-------+----------+-------------------------------------------
     0 | D:1      | Pooter the Minotaur Berserker began the quest for the Orb.
     0 | D:1      | Reached XP level 1. HP: 19/19 MP: 0/0
   117 | D:1      | Reached skill level 4 in Axes
   529 | D:1      | Reached XP level 2. HP: 20/27 MP: 1/1
  1373 | D:2      | Found an ornate altar of the Wu Jian Council.
  1376 | D:2      | Reached XP level 3. HP: 32/33 MP: 2/2
  1680 | D:2      | Reached ** piety under Trog
  2316 | D:3      | Reached skill level 1 in Stealth
  2411 | D:3      | Reached skill level 5 in Axes
  2411 | D:3      | Reached XP level 4. HP: 37/41 MP: 3/3
  2452 | D:3      | Found a faded altar of an unknown god.
  2619 | D:3      | Reached XP level 5. HP: 30/47 MP: 4/4
  2872 | D:3      | Found a snail-covered altar of Cheibriados.
  2957 | D:3      | Reached skill level 6 in Axes
  3028 | D:3      | Found a broken altar of Ashenzari.
  3028 | D:3      | Found a burning altar of Makhleb.
  3366 | D:4      | Found a staircase to the Ecumenical Temple.
  3441 | D:4      | Reached skill level 5 in Fighting
  3444 | D:4      | Reached XP level 6. HP: 56/56 MP: 5/5
  3670 | D:4      | HP: 3/84 [poisoned by a kobold brigand (curare-tipped
                  | dart)]
  3671 | D:4      | HP: 1/84 [poisoned by a kobold brigand (curare-tipped
                  | dart)]
  3671 | D:4      | Slain by a kobold

Illustrated notes

Levels and vault maps discovered:
D:1:      matt_arrival_diagonals, layout_basic
D:2:      layout_basic, basic_altar
D:3:      cheibrodos_pilgrimage, layout_basic, gammafunk_temple_overflow_wave,
          slow_altar_2, basic_ecumenical_altar, nrook_loot_triangle
D:4:      kennysheep_kobold_camp, layout_cave_pools, fedhas_altar_1,
          minmay_temple_entry_large_hall

Skill      XL: |  1  2  3  4  5 |
---------------+----------------+-----
Axes           | 4 5 6 |  6.4
Fighting       | 4 5 |  5.1
Stealth        | 1 2 |  2.3
Armour         | |  2.4
Dodging        | |  2.1

Action                   |  1- 3 |  4- 6 || total
-------------------------+-------+-------++-------
Melee: Hand axe          |    78 |       ||    78
       Headbutt          |     8 |     8 ||    16
       Punch             |     1 |       ||     1
       Mace              |     4 |     9 ||    13
       War axe           |       |    46 ||    46
       Trident           |       |     5 ||     5
Throw: Stone             |     5 |     1 ||     6
Invok: Berserk           |     1 |     4 ||     5
  Use: Scroll            |     1 |     1 ||     2
 Stab: Sleeping          |     3 |       ||     3
Armor: Animal skin       |    14 |       ||    14
       Scale mail        |     4 |    29 ||    33
Dodge: Dodged            |    50 |    40 ||    90

Table legend: (Time is in decaauts)
 A = Elapsed time spent in this place.
 B = Non-inter-level travel time spent in this place.
 C = Inter-level travel time spent in this place.
 D = Time resting spent in this place.
 E = Time spent auto-exploring this place.
 F = Levels seen in this place.
 G = Mean time per level.
                   A        B        C        D        E       F      G
               +--------+--------+--------+--------+--------+-----+--------+
         Total |   3723 |   3588 |    135 |    634 |   2408 |   4 |  930.8 |
       Dungeon |   3723 |   3588 |    135 |    634 |   2408 |   4 |  930.8 |
               +--------+--------+--------+--------+--------+-----+--------+

Top non-repeatable levels by time:
     D:1: 1299 daAuts
     D:3: 998 daAuts
     D:2: 963 daAuts
     D:4: 461 daAuts
